 Dungeon Crawl Stone Soup version 0.18.1-50-g88ac8fd (webtiles) character file.

35782 Gargoyl the Protected (level 13, -1/101 HPs)
             Began as a Demonspawn Abyssal Knight on Sept 16, 2016.
             Was the Champion of Lugonu.
             Slain by a red devil
             ... wielding a +2 trident of flaming
              (2 damage)
             ... in a volcano.
             The game lasted 00:29:53 (14729 turns).

Gargoyl the Protected (Demonspawn Abyssal Knight)  Turns: 14729, Time: 00:29:53

Health: -1/101     AC: 26    Str: 22      XL:     13   Next: 49%
Magic:  0/16       EV:  8    Int: 20 (21) God:    Lugonu [******]
Gold:   552        SH: 10    Dex: 12 (13) Spells: 0 memorised, 15 levels left

rFire  . . .     SeeInvis .     n - +5 broad axe (flame)
rCold  . . .     Gourm    .     a - +0 plate armour
rNeg   . . .     Faith    .     g - +0 shield
rPois  +         Spirit   +     L - +0 hat {Int+3}
rElec  .         Dismiss  .     J - +2 cloak
rCorr  .         Reflect  .     q - +2 pair of gloves
SustAt .         Harm     .     G - +0 pair of boots
MR     .....     Rnd*Tele +     (no amulet)
Stlth  ..........               (no ring)
                                f - +4 ring of intelligence

@: mighty, not resistant to hostile enchantments, extremely unstealthy
A: claws 2, yellow scales 1, poison resistance, regeneration 1, spiny 2,
teleportitis 1, magic shield
a: Depart the Abyss, Bend Space, Banish, Corrupt, Enter the Abyss, Brand Weapon
With Distortion, Renounce Religion


You were in a volcano.
You worshipped Lugonu.
Lugonu was exalted by your worship.
You were hungry.

You visited 2 branches of the dungeon, and saw 14 of its levels.
You visited the Abyss 1 time.
You also visited: Sewer, Ossuary and Volcano.

You collected 696 gold pieces.
You spent 144 gold pieces at shops.

Inventory:

Hand Weapons
 n - a +5 broad axe of flaming (weapon)
 x - a +0 war axe of protection
Missiles
 d - 16 tomahawks (quivered)
Armour
 a - a +0 plate armour (worn)
 g - a +0 shield (worn)
 q - a +2 pair of gloves (worn)
 G - a +0 pair of boots (worn)
 J - a +2 cloak (worn)
 L - a +0 hat of intelligence (worn)
Jewellery
 f - a +4 ring of intelligence (left hand)
 P - an uncursed ring of protection from fire {unknown}
Wands
 e - a wand of digging (9/24)
 k - a wand of disintegration (13/24)
 s - a wand of random effects (33/48)
 C - a wand of flame (30/48)
 D - a wand of lightning (7/15)
 I - a wand of slowing (17/48)
 M - a wand of digging (12/24)
 O - a wand of flame (16/48)
Scrolls
 h - 7 scrolls of identify
 l - 2 scrolls of blinking
 m - 6 scrolls of remove curse
 o - a scroll of amnesia
 r - a scroll of recharging
 t - 2 scrolls of magic mapping
 y - 3 scrolls of teleportation
 z - 2 scrolls of fog
Potions
 i - a potion of invisibility
 j - a potion of might
 v - 4 potions of flight
 w - a potion of lignification
 B - a potion of haste
 E - a potion of agility
Books
 p - a book of the Sky

   Spells                             Type                      Level
   a - Summon Lightning Spire         Summoning/Air                4
   b - Airstrike                      Air                          4
   c - Silence                        Hexes/Air                    5
   d - Deflect Missiles               Charms/Air                   6
   e - Conjure Ball Lightning         Conjuration/Air              6
   f - Tornado                        Air                          9
 F - the Papyrus of Unstable Envenoming
   (You found it on level 6 of the Dungeon)

   Spells                             Type                      Level
   a - Shroud of Golubria             Charms/Translocation         2
   b - Cure Poison                    Poison                       2
   c - Ignite Poison                  Fire/Transmutation/Poison    3
   d - Gell's Gravitas                Hexes/Translocation          3
   e - Venom Bolt                     Conjuration/Poison           5
   f - Alistair's Intoxication        Transmutation/Poison         5
 K - a book of Enchantments

   Spells                             Type                      Level
   a - Cause Fear                     Hexes                        4
   b - Yara's Violent Unravelling     Hexes/Transmutation          5
   c - Silence                        Hexes/Air                    5
   d - Deflect Missiles               Charms/Air                   6
   e - Haste                          Charms                       6
   f - Discord                        Hexes                        8
Comestibles
 b - 8 meat rations
 c - 9 bread rations
 N - a royal jelly


   Skills:
 + Level 9.3 Fighting
 + Level 9.6 Axes
 + Level 4.0 Throwing
 * Level 12.4 Armour
 + Level 7.6 Dodging
 + Level 3.2 Stealth
 + Level 4.3 Shields
 + Level 1.8 Unarmed Combat
 + Level 1.8 Spellcasting
 + Level 4.1 Invocations
 + Level 2.0 Evocations


You had 15 spell levels left.
You didn't know any spells.

Dungeon Overview and Level Annotations

Branches:
Dungeon (10/15)            Temple (0/1) D:6            Lair (4/8) D:8
  Swamp (0/4) Lair:3          Orc (0/2) D:9
  Snake: Lair:3-6    Spider: Lair:3-6

Altars:
Fedhas
Qazlal
The Shining One

Shops:
D:6 [

Annotations:
D:10 Josephine, Nergalle


Innate Abilities, Weirdness & Mutations

You have very sharp fingernails.
You are partially covered in yellow scales (AC +2).
You are mostly covered in sharp spines.
When hurt, damage is shared between your health and your magic reserves.
Your system is resistant to poisons.
Your natural rate of healing is unusually fast.
You are occasionally teleported next to monsters.


Message History

You feel much better.
The red devil hits you but does no damage.
The sun demon hits you!
You are engulfed in flames!
The hell hound breathes flames at you.
The blast of flame hits the sun demon.
The sun demon completely resists.
The blast of flame misses you.
There is a rocky tunnel leading out of this place here.
You closely miss the sun demon.
The sun demon is heavily wounded.
You block the sun demon's attack. The sun demon hits you!
* * * LOW HITPOINT WARNING * * *
You are engulfed in flames!
* * * LOW HITPOINT WARNING * * *
You block the sun demon's attack.
The red devil hops backward while attacking.
The red devil hits you from afar with a trident of flaming!
* * * LOW HITPOINT WARNING * * *
The red devil burns you.
You die...

#### ##..#### #
.......## ##### .#
≈§≈.....### ##...##.###
≈§≈......8###....#4.8.#
≈§§≈≈.......'..∩3'h._.#
§§≈≈≈....8###...@#..8.#
≈≈≈≈§.§..## ##...# .###
§§≈§§§...### ##### #
≈≈≈§≈§≈....##
§≈≈§§§§≈....#
≈≈≈≈§≈≈≈....#
≈≈≈≈§≈≈≈....#
≈≈≈§≈≈≈≈....#
§§§§≈≈.....##


You could see a sun demon, a red devil and a hell hound.

Vanquished Creatures
  Gastronok (Lair:1)
  Maud (Lair:3)
  Harold (Lair:2)
  2 hydras
  Sonja (Lair:3)
  Pikel (D:8)
  A griffon (D:7)
  2 black mambas
  A torpor snail (Lair:4)
  3 spiny frogs
  A rime drake (Lair:3)
  2 komodo dragons (Lair:2)
  A troll (D:9)
  3 polar bears (D:7)
  10 blink frogs (Lair:1)
  A wyvern (D:8)
  2 wraiths (D:10)
  12 yaks
  5 fire bats
  2 hogs (D:7)
  5 hippogriffs
  A hungry ghost (D:9)
  2 swamp worms (Lair:3)
  6 water moccasins
  7 porcupines
  5 black bears (D:7)
  4 slaves (D:8)
  Purgy (Sewer)
  2 ice beasts
  7 orc warriors
  3 phantoms
  A necrophage (D:9)
  3 ogres
  5 crocodiles
  2 centaurs
  An elf zombie (Ossuary)
  3 big kobolds (D:9)
  5 gnoll sergeants (D:9)
  6 giant frogs
  A wyvern skeleton (D:10)
  3 scorpions
  An electric eel (Lair:3)
  2 vampire bats (Lair:3)
  4 crimson imps
  4 centaur zombies
  2 jellies
  8 lava snakes (Volcano)
  8 hounds
  A human zombie (Ossuary)
  A centaur skeleton (D:7)
  5 orc priests
  3 orc wizards
  4 iguanas
  7 worker ants
  11 sheep
  A big kobold zombie (Ossuary)
  2 hound zombies
  2 mummies (Ossuary)
  A worker ant zombie (D:7)
  5 gnolls
  3 howler monkey skeletons
  11 adders
  18 river rats
  4 shadow imps
  2 oozes
  4 adder zombies
  3 adder skeletons
  3 dart slugs
  7 giant geckos
  21 orcs
  A ball python (D:2)
  A bat skeleton (D:2)
  6 giant cockroaches
  2 goblins
  6 hobgoblins
  2 jackals (D:9)
  2 quokkas
  13 bats
  A giant gecko skeleton (D:7)
  2 giant newts
  2 goblin zombies (Ossuary)
  4 hobgoblin zombies (Ossuary)
  2 jackal zombies (Ossuary)
  13 kobolds
  9 kobold zombies (Ossuary)
  12 orc zombies (Ossuary)
  4 quokka skeletons
  2 quokka zombies
  4 rats
  A rat zombie (Ossuary)
  4 fungi
  A plant (Lair:3)
368 creatures vanquished.

Vanquished Creatures (collateral kills)
  A spiny frog (Lair:4)
  3 sheep (Lair:4)
4 creatures vanquished.

Grand Total: 372 creatures vanquished

Notes
Turn   | Place    | Note
--------------------------------------------------------------
     0 | Abyss:1  | Gargoyl the Demonspawn Abyssal Knight began the quest for the Orb.
     0 | Abyss:1  | Reached XP level 1. HP: 18/18 MP: 2/2
    24 | D:1      | Escaped the Abyss
   544 | D:1      | Reached * piety under Lugonu
   545 | D:1      | Reached skill level 1 in Dodging
   662 | D:1      | Reached skill level 2 in Armour
   758 | D:1      | Gained mutation: You are partially covered in sharp spines. [demonic ancestry]
   758 | D:1      | Reached XP level 2. HP: 24/24 MP: 3/3
  1088 | D:2      | Gained mutation: You are mostly covered in sharp spines. [demonic ancestry]
  1088 | D:2      | Reached XP level 3. HP: 28/29 MP: 4/4
  1123 | D:2      | Found a faded altar to an unknown god.
  1241 | D:2      | Reached ** piety under Lugonu
  1498 | D:2      | Gained mutation: You have sharp fingernails. [demonic ancestry]
  1498 | D:2      | Reached XP level 4. HP: 27/35 MP: 5/5
  1782 | D:3      | Reached skill level 3 in Armour
  2485 | D:4      | Reached XP level 5. HP: 17/41 MP: 7/7
  2792 | D:4      | Found a sand-covered staircase.
  2797 | Ossuary  | Entered an ossuary
  2897 | Ossuary  | Reached skill level 4 in Armour
  2897 | Ossuary  | Reached XP level 6. HP: 32/48 MP: 8/8
  2934 | Ossuary  | Reached *** piety under Lugonu
  3459 | D:4      | Reached XP level 7. HP: 54/54 MP: 9/9
  3884 | D:4      | Reached skill level 5 in Armour
  3977 | D:5      | Entered Level 5 of the Dungeon
  4353 | D:5      | Found a glowing drain.
  4384 | Sewer    | Entered a sewer
  4409 | Sewer    | Noticed Purgy
  4416 | Sewer    | Killed Purgy
  4416 | Sewer    | Reached skill level 6 in Armour
  4641 | D:5      | Gained mutation: When hurt, damage is shared between your health and your magic reserves. [demonic ancestry]
  4641 | D:5      | Reached XP level 8. HP: 61/61 MP: 10/10
  4920 | D:6      | Found Xetolan's Antique Armour Boutique.
  4928 | D:6      | Bought a pair of gloves for 144 gold pieces
  5155 | D:6      | Identified the Papyrus of Unstable Envenoming
  5225 | D:6      | Found a staircase to the Ecumenical Temple.
  5361 | D:6      | Found a stormy altar of Qazlal.
  5765 | D:7      | Found a huge runed gate.
  5766 | D:7      | Noticed a polar bear
  5767 | D:7      | Noticed a polar bear
  5767 | D:7      | Reached **** piety under Lugonu
  5778 | D:7      | Found a huge runed gate.
  5778 | D:7      | Noticed a griffon
  5778 | D:7      | Noticed a polar bear
  5779 | D:7      | Found a huge runed gate.
  5780 | D:7      | Found a huge runed gate.
  5787 | D:7      | Reached skill level 5 in Fighting
  6052 | D:7      | Reached skill level 1 in Stealth
  6752 | D:7      | Reached skill level 5 in Axes
  6752 | D:7      | Gained mutation: You are partially covered in yellow scales (AC +2). [demonic ancestry]
  6752 | D:7      | Reached XP level 9. HP: 60/68 MP: 9/11
  6755 | D:7      | Reached skill level 7 in Armour
  6762 | D:7      | Killed a griffon
  6762 | D:7      | Reached skill level 5 in Dodging
  6766 | D:7      | Killed a polar bear
  6769 | D:7      | Killed a polar bear
  6781 | D:7      | Killed a polar bear
  6788 | D:7      | HP: 2/71 [worker ant (3)]
  6816 | D:7      | Reached ***** piety under Lugonu
  6979 | D:7      | Gained mutation: You have very sharp fingernails. [demonic ancestry]
  6979 | D:7      | Reached XP level 10. HP: 53/79 MP: 10/12
  7258 | D:8      | Found a staircase to the Lair.
  7581 | D:8      | Noticed Pikel
  7590 | D:8      | Killed Pikel
  7590 | D:8      | Reached skill level 8 in Armour
  7921 | D:8      | You fall through a shaft for 2 floors!
  7921 | D:10     | Entered Level 10 of the Dungeon
  8156 | D:10     | Noticed Josephine
  8167 | D:10     | HP: 3/80 [wraith[Josephine] (3)]
  8172 | D:10     | Noticed Nergalle
  8845 | D:9      | Reached skill level 9 in Armour
  9026 | D:9      | Found a staircase to the Orcish Mines.
  9660 | D:9      | Reached skill level 1 in Shields
  9729 | D:9      | Reached XP level 11. HP: 46/86 MP: 11/13
 10400 | D:9      | Found a blossoming altar of Fedhas.
 10400 | D:9      | Found a glowing golden altar of the Shining One.
 10534 | Lair:1   | Entered Level 1 of the Lair of Beasts
 10754 | Lair:1   | Noticed Gastronok
 10814 | Lair:2   | Noticed Harold
 10822 | Lair:2   | Reached skill level 10 in Armour
 10833 | Lair:2   | Killed Harold
 10839 | Lair:2   | Reached ****** piety under Lugonu
 11008 | Lair:2   | Reached skill level 1 in Throwing
 11620 | Lair:1   | Killed Gastronok
 11784 | Lair:1   | Noticed a four-headed hydra
 11793 | Lair:1   | Killed a one-headed hydra
 11793 | Lair:1   | Reached skill level 11 in Armour
 12137 | Lair:1   | Reached XP level 12. HP: 88/94 MP: 12/14
 13236 | Lair:2   | Gained mutation: Your natural rate of healing is unusually fast. [potion of mutation]
 13236 | Lair:2   | Gained mutation: You are occasionally teleported next to monsters. [potion of mutation]
 13236 | Lair:2   | Gained mutation: Your system is resistant to poisons. [potion of mutation]
 13239 | Lair:2   | Reached skill level 1 in Unarmed Combat
 13239 | Lair:2   | Reached skill level 1 in Spellcasting
 13239 | Lair:2   | Reached XP level 13. HP: 101/101 MP: 14/16
 13578 | Lair:3   | Noticed Maud
 13593 | Lair:3   | Killed Maud
 13593 | Lair:3   | Reached skill level 12 in Armour
 13728 | Lair:3   | Noticed Sonja
 13741 | Lair:3   | Killed Sonja
 14052 | Lair:3   | Found a staircase to the Swamp.
 14503 | Lair:4   | Found a dark tunnel.
 14512 | Volcano  | Entered a volcano
 14717 | Volcano  | Found a bloodstained altar of Trog.
 14729 | Volcano  | HP: 1/101 [red devil/trident of flaming (12)]
 14729 | Volcano  | Slain by a red devil

Skill      XL: |  1  2  3  4  5  6  7  8  9 10 11 12 13 |
---------------+----------------------------------------+-----
Dodging        | 1 2 3 4 6 7 |  7.6
Armour         | 2 3 4 6 7 9 11 12 | 12.4
Axes           | 2 3 5 6 7 8 9 |  9.6
Fighting       | 4 5 7 8 9 |  9.3
Stealth        | 1 2 3 |  3.2
Shields        | 1 3 4 |  4.3
Throwing       | 3 4 |  4.0
Unarmed Combat | 1 |  1.8
Spellcasting   | 1 |  1.8
Invocations    | 4 |  4.1
Evocations     | 2 |  2.0

Action                   |  1- 3 |  4- 6 |  7- 9 | 10-12 | 13-15 || total
-------------------------+-------+-------+-------+-------+-------++-------
Melee: Hand axe          |    53 |    12 |       |       |       ||    65
       Broad axe         |       |    54 |   146 |   379 |   127 ||   706
Throw: Tomahawk          |       |     2 |     3 |    22 |       ||    27
Invok: Depart the Abyss  |     1 |       |       |       |       ||     1
       Bend Space        |       |       |       |     1 |       ||     1
  Use: Potion            |     1 |     4 |     5 |    11 |     6 ||    27
       Scroll            |       |     8 |     5 |    10 |     2 ||    25
  Eat: Chunk             |     2 |     3 |    10 |    20 |       ||    35
       Fruit             |       |     3 |       |       |     7 ||    10
       Beef jerky        |       |       |     1 |       |       ||     1
       Pizza             |       |       |     1 |       |       ||     1
Armor: Ring mail         |    33 |    35 |    24 |       |       ||    92
       Mottled dragon ar |       |       |    54 |    11 |       ||    65
       Plate armour      |       |       |       |   332 |    98 ||   430
       Skin              |       |       |       |    14 |       ||    14
Dodge: Dodged            |    27 |    45 |   110 |   114 |    30 ||   326
Block: Buckler           |       |       |       |    28 |       ||    28
       Shield            |       |       |       |   120 |    66 ||   186
